 Dungeon Crawl Stone Soup version 0.22-a0-409-gb855193 (webtiles) character file.

287 nikopol the Magician (level 6, -8/32 HPs)
             Began as a Deep Elf Fire Elementalist on May 10, 2018.
             Killed by divine providence
             ... invoked by an orc priest
              (12 damage)
             ... on level 4 of the Dungeon.
             The game lasted 00:07:38 (2594 turns).

nikopol the Magician (Deep Elf Fire Elementalist)   Turns: 2594, Time: 00:07:39

Health: -8/32      AC:  4    Str:  5    XL:     6   Next: 8%
Magic:  1/16       EV: 13    Int: 22    God:
Gold:   207        SH:  0    Dex: 15    Spells: 6/16 levels left

rFire    . . .     SeeInvis .   i - +0 short sword
rCold    . . .     Gourm    .   (no shield)
rNeg     . . .     Faith    .   a - +0 robe
rPois    .         Spirit   .   g - +0 helmet (curse)
rElec    .         Reflect  .   (no cloak)
rCorr    .         Harm     .   (no gloves)
MR       .....                  f - +0 pair of boots
Stlth    ++........             (no amulet)
HPRegen  0.10/turn              (no ring)
MPRegen  0.15/turn              (no ring)

@: no status effects
A: no striking features
a: no special abilities


You were on level 4 of the Dungeon.
You were near starving.

You visited 1 branch of the dungeon, and saw 4 of its levels.

You collected 207 gold pieces.

Inventory:

Hand Weapons
 i - a +0 short sword (weapon)
Armour
 a - a +0 robe (worn)
 f - a +0 pair of boots (worn)
 g - a cursed +0 helmet (worn)
Wands
 v - a wand of enslavement (12)
Scrolls
 d - 3 scrolls of enchant weapon {unknown}
 e - a scroll of noise {unknown}
 j - 3 scrolls of immolation {unknown}
 k - a scroll of identify {unknown}
 l - 3 scrolls of blinking {unknown}
 m - 2 scrolls of remove curse {unknown}
 p - 2 scrolls of teleportation {unknown}
 r - a scroll of fog {unknown}
 u - a scroll of amnesia {unknown}
Potions
 b - a potion of flight {unknown}
 h - a potion of haste {unknown}
 n - a potion of mutation {unknown}
 o - 2 potions of lignification {unknown}
 q - a potion of cancellation {unknown}
 s - a potion of ambrosia {unknown}
 t - a potion of magic {unknown}
 w - a potion of heal wounds {unknown}
Comestibles
 c - 6 rations


   Skills:
 + Level 2.9 Dodging
 + Level 3.1 Stealth
 + Level 5.7 Spellcasting
 + Level 2.7 Conjurations
 + Level 5.1 Fire Magic


You had 6 spell levels left.
You knew the following spells:

 Your Spells              Type           Power        Failure   Level  Hunger
a - Flame Tongue          Conj/Fire      ###..        1%          1    None
b - Throw Flame           Conj/Fire      ###...       2%          2    None
c - Conjure Flame         Conj/Fire      ###.....     5%          3    ##.....
d - Sticky Flame          Conj/Fire      ###.....     19%         4    ####...


Dungeon Overview and Level Annotations

Branches:
Dungeon (4/15)
 Temple: D:4-7

Altars:
Cheibriados
Elyvilon
Gozag
Hepliaklqana
Okawaru
Wu Jian

Shops:
D:3 *


Message History

Confirm with . or Enter, or press ? or * to list all spells.
Aiming: Flame Tongue (safe; 1% risk of failure)
Press: ? - help, Shift-Dir - straight line, f/p - orc wizard
Aim: an orc wizard, wielding a dagger and wearing a robe (severely wounded)
The flame tongue misses the orc wizard.
The orc wizard barely misses you.
Casting: Flame Tongue (safe; 1% risk of failure)
Confirm with . or Enter, or press ? or * to list all spells.
Aiming: Flame Tongue (safe; 1% risk of failure)
Press: ? - help, Shift-Dir - straight line, f/p - orc wizard
Aim: an orc wizard, wielding a dagger and wearing a robe (heavily wounded)
The flame tongue hits the orc wizard.
The orc wizard appears unharmed.
The orc wizard is heavily wounded.
The orc wizard hits you with a dagger.
* * * LOW HITPOINT WARNING * * *
The orc wizard gestures wildly while chanting.
The orc wizard seems to speed up.
The orc wizard barely misses you.
The orc priest calls down the wrath of Beogh upon you.
Beogh smites you!
You die...

#.# #.####.# #.......
##.###.####.#########.#####.
#.#................##.# #.
##.###.##.......##.##.# ##
### #.###...##.##.##.# #
#.......##.......# #
######..#####.#### #
#........# # #@######## #
###o###### # #........#
#.#ยง####.# #.#o# # #o#


.oo #.# ... You could see an orc priest, 2 orc wizards and 2 orcs.

Vanquished Creatures
  An ogre (D:4)
  A phantom (D:4)
  A worker ant (D:4)
  4 adders
  An ooze (D:1)
  2 worms
  2 dart slugs
  2 leopard geckos
  2 orcs
  A giant cockroach (D:2)
  6 goblins
  3 hobgoblins
  3 kobolds
  A quokka (D:3)
  5 bats
  4 frilled lizards
  3 rats (D:2)
42 creatures vanquished.

Notes
Turn   | Place    | Note
-------+----------+-------------------------------------------
     0 | D:1      | nikopol the Deep Elf Fire Elementalist began the quest for the Orb.
     0 | D:1      | Reached XP level 1. HP: 10/10 MP: 6/6
   169 | D:1      | Reached XP level 2. HP: 15/15 MP: 2/8
   643 | D:2      | Reached XP level 3. HP: 19/19 MP: 6/9
   692 | D:2      | Found an iron altar of Okawaru.
   778 | D:2      | Found an ornate altar of the Wu Jian Council.
   873 | D:2      | Found a faded altar of an unknown god.
  1003 | D:2      | Found a snail-covered altar of Cheibriados.
  1136 | D:3      | Learned a level 2 spell: Throw Flame
  1140 | D:3      | Learned a level 3 spell: Conjure Flame
  1176 | D:3      | Reached XP level 4. HP: 23/24 MP: 5/11
  1249 | D:3      | Learned a level 4 spell: Sticky Flame
  1266 | D:3      | Found Gozag's Platinum Reserve.
  1284 | D:3      | Found an iron altar of Okawaru.
  1315 | D:3      | Found an opulent altar of Gozag.
  2096 | D:4      | Found a white marble altar of Elyvilon.
  2100 | D:4      | Noticed a phantom
  2112 | D:4      | Killed a phantom
  2112 | D:4      | Reached skill level 5 in Spellcasting
  2112 | D:4      | Reached skill level 5 in Fire Magic
  2112 | D:4      | Reached XP level 5. HP: 9/28 MP: 3/14
  2424 | D:4      | Found a hazy altar of Hepliaklqana.
  2580 | D:4      | Noticed an ogre
  2587 | D:4      | Killed an ogre
  2587 | D:4      | Reached XP level 6. HP: 32/32 MP: 4/16
  2594 | D:4      | Killed from afar by an orc priest

Vault maps used:
D:1:      dpeg_arrival_leaves_temple_mockup
D:2:      marbit_many_paths, overflow_temple_1_default, cheibriados_altar_1,
          first_ration, chequers_ecumenical_altar_grove, st_stairs_9
D:3:      nicolae_gozag_zags_fifth_avenue, okawaru_gym_becter
D:4:      old_standard_altar, lemuel_crystal_altar, minmay_temple_entry_junction

Skill      XL: |  1  2  3  4 |
---------------+-------------+-----
Fire Magic     | 4 5 |  5.1
Spellcasting   | 5 |  5.7
Stealth        | 3 |  3.1
Conjurations   | 2 |  2.7
Dodging        | |  2.9

Action                   |  1- 3 |  4- 6 || total
-------------------------+-------+-------++-------
 Cast: Flame Tongue      |    55 |    42 ||    97
       Throw Flame       |       |     2 ||     2
       Conjure Flame     |       |     1 ||     1
  Eat: Chunk             |     1 |     2 ||     3
Armor: Robe              |     3 |     2 ||     5
Dodge: Dodged            |    10 |     8 ||    18

Table legend:
 A = Spawn XP
 B = Non-spawn XP
 C = Spawn XP percentage of total XP
 D = Spawn monster count
 E = Non-spawn monster count
 F = Spawn count percentage of total count
 G = Total turns spent on level
                    A         B        C        D         E        F      G
               +---------+---------+-------+---------+---------+-------+---------
         Total |       0 |     411 |   0.0 |       0 |      42 |   0.0 |  2594
               +---------+---------+-------+---------+---------+-------+---------
           D:1 |       0 |      22 |   0.0 |       0 |      10 |   0.0 |   545
           D:2 |       0 |      51 |   0.0 |       0 |      15 |   0.0 |   586
           D:3 |       0 |      55 |   0.0 |       0 |      13 |   0.0 |   487
           D:4 |       0 |     283 |   0.0 |       0 |       4 |   0.0 |   976
               +---------+---------+-------+---------+---------+-------+---------
